 Dungeon Crawl Stone Soup version 0.24.1-8-ga250c9d538 (webtiles) character file.

Game seed: 4323291580573081358, levelgen mode: deterministic

328 lepoulpe303 the Stinger (level 6, 0/49 HPs)
             Began as a Naga Venom Mage on Apr 28, 2020.
             Slain by a gnoll
             ... wielding a +0 scythe
              (14 damage)
             ... on level 4 of the Dungeon.
             The game lasted 00:15:13 (4203 turns).

lepoulpe303 the Stinger (Naga Venom Mage)           Turns: 4203, Time: 00:15:14

Health: 0/49       AC:  6    Str: 11    XL:     6   Next: 50%
Magic:  5/11       EV: 10    Int: 17    God:
Gold:   148        SH:  0    Dex: 11    Spells: 2/12 levels left

rFire    . . .     SeeInvis +   d - +0 short sword
rCold    . . .     Gourm    .   (no shield)
rNeg     . . .     Faith    .   a - +0 robe
rPois    +         Spirit   .   (no helmet)
rElec    .         Reflect  .   (no cloak)
rCorr    .         Harm     .   o - +2 pair of gloves
MR       .....                  (no barding)
Stlth    +++.......             (no amulet)
HPRegen  0.16/turn              (no ring)
MPRegen  0.12/turn              (no ring)

@: very slightly contaminated, very slow
A: large, see invisible, deformed body, poison resistance, slowness 2, slow
metabolism 1, spit poison 1, AC +2
a: Spit Poison


You were on level 4 of the Dungeon.
You were hungry.

You visited 1 branch of the dungeon, and saw 4 of its levels.
You also visited: Sewer.

You collected 148 gold pieces.

Inventory:

Hand Weapons
 d - a +0 short sword (weapon)
Armour
 a - a +0 robe (worn)
 o - a +2 pair of gloves (worn)
Jewellery
 t - a +4 ring of evasion {unknown}
Scrolls
 b - 2 scrolls of teleportation {unknown}
 c - 6 scrolls of identify {unknown}
 g - 3 scrolls of immolation {unknown}
 h - 3 scrolls of fear {unknown}
 i - 3 scrolls of fog {unknown}
 j - a scroll of magic mapping {unknown}
 l - a scroll of remove curse {unknown}
 n - a scroll of amnesia {unknown}
Potions
 f - 2 potions of brilliance {unknown}
 k - 2 potions of berserk rage {unknown}
 m - 3 potions of curing {unknown}
 p - 2 potions of heal wounds {unknown}
 q - a potion of might {unknown}
 r - a potion of flight {unknown}
 s - a potion of magic {unknown}
Comestibles
 e - 7 rations
 u - 2 chunks of flesh


   Skills:
 + Level 0.0 Fighting
 + Level 0.0 Short Blades
 + Level 2.4 Dodging
 + Level 4.7 Stealth
 * Level 3.6 Spellcasting
 + Level 2.4 Conjurations
 * Level 6.0 Poison Magic


You had 2 spell levels left.
You knew the following spells:

 Your Spells              Type           Power        Failure   Level  Hunger
a - Sting                 Conj/Pois      ###.         2%          1    None
b - Poisonous Vapours     Pois/Air       ##....       7%          2    ##.....
c - Olgreb's Toxic Radia  Pois           ###.....     14%         4    ####...
x - Mephitic Cloud        Conj/Pois/Air  ##......     16%         3    ###....

Your spell library contained the following spells:

 Spells                   Type           Power        Failure   Level  Hunger
 Venom Bolt               Conj/Pois      ###.......   61%         5    ######.


Dungeon Overview and Level Annotations

Branches:
Dungeon (4/15)              Sewer (visited)
 Temple: D:4-7

Altars:
Cheibriados
Gozag
Okawaru
Trog
Vehumet

Shops:
D:4 :


Innate Abilities, Weirdness & Mutations

You cannot wear boots.
Your serpentine skin is tough. (AC +2)
You have supernaturally acute eyesight. (SInv)
Armour fits poorly on your strangely shaped body.
Your system is resistant to poisons. (rPois)
You cover ground very slowly.
You have a slow metabolism.
You can spit poison.


Message History

MASSIVE DAMAGE!!
Aim: a gnoll, wielding a +0 scythe and wearing a +0 robe You miscast Mephitic Cloud.
You are very lightly contaminated with residual magic.
Wisps of poison gas drift from your hands.
You are feeling hungry.
You now have 7/11 mp.
The gnoll barely misses you.
A hobgoblin comes into view. It is wielding a +0 scythe.
Aim: a gnoll, wielding a +0 scythe and wearing a +0 robe You miscast Mephitic Cloud.
A wave of violent energy washes through your body!
* * * LOW HITPOINT WARNING * * *
The gnoll hits you from afar with a +0 scythe!
* * * LOW HITPOINT WARNING * * *
You take 21 damage, and have 13/49 hp.
MASSIVE DAMAGE!!
You now have 4/11 mp.
The gnoll hits you from afar with a +0 scythe!
You die...

#..# #.#.#
#.#.# #. ##g#
##+#.# #<#.#
#. #g#
#....#####.#
#. #g#
#....'.....#
## #.#
#....#######
#g# #....###
#.# #......#
#g####......#
#..@...รท....#
#####.......#
#.....###
#.....#
#.....#
#....)#
#.....#
#.....#


You could see a gnoll.

Levels and vault maps discovered:
D:1:      roderic_chinese_lattice_arrival, layout_basic
D:2:      layout_loops_ring, nicolae_overflow_hidden_temple,
          lemuel_crystal_altar, first_ration, chequers_ecumenical_altar_simple,
          corexii_shack, minmay_misc_feat_enclosed, okawaru_altar_gauntlet_db
D:3:      layout_basic, lemuel_crystal_altar, overflow_temple_1_default
D:4:      layout_basic, cheibrodos_sewer_entry_sluice, serial_shops,
          kennysheep_little_box, sigmund_army

Notes
Turn   | Place    | Note
-------+----------+-------------------------------------------
     0 | D:1      | lepoulpe303 the Naga Venom Mage began the quest for the
                  | Orb.
     0 | D:1      | Reached XP level 1. HP: 15/15 MP: 3/3
    65 | D:1      | Identified a +0 club
    72 | D:1      | Reached XP level 2. HP: 22/22 MP: 0/5
   121 | D:1      | Identified a +0 short sword
   510 | D:1      | Identified a +0 club
   866 | D:2      | Identified a +0 dagger
   870 | D:2      | Reached XP level 3. HP: 27/28 MP: 1/6
   911 | D:2      | Identified a +0 club
   935 | D:2      | Identified a +0 dagger
  1258 | D:2      | Reached XP level 4. HP: 14/36 MP: 6/8
  1263 | D:2      | Learned a level 2 spell: Poisonous Vapours
  1267 | D:2      | Learned a level 3 spell: Mephitic Cloud
  1437 | D:2      | Found a bloodstained altar of Trog.
  1448 | D:2      | lepoulpe303: !whichgod ngvm
  1448 | D:2      | meem: No keyword 'ngvm'
  1448 | D:2      | lepoulpe303: !whichgod navm
  1448 | D:2      | meem: 51 recent wins for navm: 15x Cheibriados, 8x Gozag,
                  | 7x Hepliaklqana, 5x Okawaru, 4x Vehumet, 2x Kikubaaqudgha,
                  | 2x Uskayaw, 2x Ru, 2x Sif Muna, Ashenzari, Makhleb, The
                  | Shining One, Yredelemnul
  1487 | D:2      | Identified a +0 short sword
  1531 | D:2      | Found an opulent altar of Gozag.
  1532 | D:2      | Identified a +0 club
  1551 | D:2      | Identified a +0 club
  1557 | D:2      | Identified a +0 club
  1589 | D:2      | Reached skill level 2 in Dodging
  1658 | D:2      | Identified a +0 short sword
  1802 | D:2      | Reached skill level 5 in Poison Magic
  1805 | D:2      | Identified a +0 club
  1948 | D:2      | Found an iron altar of Okawaru.
  2015 | D:2      | Found a faded altar of an unknown god.
  2196 | D:3      | Identified a +0 club
  2373 | D:3      | Reached skill level 4 in Stealth
  2454 | D:3      | Found a snail-covered altar of Cheibriados.
  2499 | D:3      | Found a radiant altar of Vehumet.
  2677 | D:3      | Identified a +0 flail
  2677 | D:3      | Identified a +0 ring mail
  2677 | D:3      | Identified a +0 dagger
  2677 | D:3      | Identified a +0 robe
  2677 | D:3      | Identified a +0 dagger
  2677 | D:3      | Identified a +0 leather armour
  2717 | D:3      | Reached skill level 3 in Spellcasting
  2717 | D:3      | Reached XP level 5. HP: 30/42 MP: 0/9
  2723 | D:3      | Learned a level 4 spell: Olgreb's Toxic Radiance
  3273 | D:4      | Identified a +2 pair of gloves (You found it on level 4 of
                  | the Dungeon)
  3279 | D:4      | Reached skill level 2 in Conjurations
  3305 | D:4      | Found Daysaytroc's Book Boutique.
  3376 | D:4      | Found a glowing drain.
  3390 | Sewer    | Entered a sewer
  3520 | Sewer    | Noticed a big kobold
  3521 | Sewer    | Identified a +0 short sword
  3548 | Sewer    | HP: 9/42 [big kobold (3)]
  3549 | Sewer    | Killed a big kobold
  3549 | Sewer    | Reached XP level 6. HP: 11/49 MP: 4/11
  3751 | Sewer    | Identified a +0 short sword
  3752 | Sewer    | Identified a +0 whip
  3853 | Sewer    | Reached skill level 6 in Poison Magic
  4190 | D:4      | Identified a +0 scythe
  4190 | D:4      | Identified a +0 robe
  4190 | D:4      | Identified a +0 scythe
  4190 | D:4      | Identified a +0 robe
  4190 | D:4      | Identified a +0 scythe
  4190 | D:4      | Identified a +0 robe
  4190 | D:4      | Identified a +0 scythe
  4190 | D:4      | Identified a +0 robe
  4198 | D:4      | Identified a +0 scythe
  4198 | D:4      | Identified a +0 robe
  4203 | D:4      | Slain by a gnoll

Table legend:
 A = Turns spent in this place as a percentage of turns spent in the entire game.
 B = Non-inter-level travel turns spent in this place as a percentage of non-inter-level travel turns spent in the entire game.
 C = Inter-level travel turns spent in this place as a percentage of turns spent in this place.
 D = Turns resting spent in this place as a percentage of non-inter-level travel turns spent in this place.
 E = Turns spent auto-exploring this place as a percentage of non-inter-level travel turns spent in this place.
 F = Non-inter-level travel turns spent in this place divided by the number of levels of this place that you've seen.
                   A       B       C       D       E      F
               +-------+-------+-------+-------+-------+----------------------
         Total | 100.0 | 100.0 |   1.8 |  25.9 |  54.6 | 825.2
       Dungeon |  87.2 |  86.9 |   2.1 |  24.4 |  58.1 | 896.8
         Sewer |  12.8 |  13.1 |   0.0 |  36.0 |  31.4 | 539.0
               +-------+-------+-------+-------+-------+----------------------

Table legend:
 A = Kills in this place as a percentage of kills in entire the game.
 B = Kills by you in this place as a percentage of kills by you in the entire game.
 C = Kills by friends in this place as a percentage of kills by friends in the entire game.
 D = Other kills in this place as a percentage of other kills in the entire game.
 E = Experience gained in this place as a percentage of experience gained in the entire game.
 F = Experience gained in this place divided by the number of levels of this place that you have seen.
                   A       B       C       D       E      F
               +-------+-------+-------+-------+-------+----------------------
         Total | 100.0 | 100.0 |   N/A |   N/A | 100.0 |  93.8
       Dungeon |  82.1 |  82.1 |   N/A |   N/A |  65.7 |  77.0
         Sewer |  17.9 |  17.9 |   N/A |   N/A |  34.3 | 161.0
               +-------+-------+-------+-------+-------+----------------------

Skill      XL: |  1  2  3  4  5  6 |
---------------+-------------------+-----
Dodging        | 2 |  2.4
Poison Magic   | 5 6 |  6.0
Stealth        | 4 |  4.7
Spellcasting   | 3 |  3.6
Conjurations   | 2 |  2.4

Action                   |  1- 3 |  4- 6 || total
-------------------------+-------+-------++-------
Melee: Short sword       |    26 |    37 ||    63
 Cast: Sting             |    52 |   134 ||   186
       Mephitic Cloud    |       |     1 ||     1
       Olgreb's Toxic Ra |       |     1 ||     1
  Eat: Chunk             |     1 |     8 ||     9
Armor: Robe              |    12 |    21 ||    33
Dodge: Dodged            |    31 |    45 ||    76

Vanquished Creatures
  A big kobold (Sewer)
  An orc wizard (D:3)
  2 iguanas (D:4)
  A howler monkey zombie (D:2)
  5 adders
  An ooze (Sewer)
  9 worms
  2 dart slugs
  2 leopard geckos (D:3)
  3 orcs
  4 ball pythons
  3 giant cockroaches
  10 goblins
  6 hobgoblins
  5 jackals
  16 kobolds
  2 quokkas
  7 bats
  5 frilled lizards
  A quokka zombie (D:2)
  9 rats
95 creatures vanquished.
